 Dungeon Crawl Stone Soup version 0.23.2-40-g277498a (webtiles) character file.

Game seed: 1313101324614114487

171 BoppinsLewinski the Cudgeler (level 5, -2/32 HPs)
             Began as a Gargoyle Monk on Sept 13, 2019.
             Was a Believer of Okawaru.
             Splashed by a jelly's acid (6 damage)
             ... on level 3 of the Dungeon.
             The game lasted 00:06:15 (3019 turns).

BoppinsLewinski the Cudgeler (Gargoyle Monk)        Turns: 3019, Time: 00:06:16

Health: -2/32      AC: -2    Str: 15    XL:     5   Next: 51%
Magic:  3/5        EV:  9    Int: 11    God:    Okawaru [**....]
Gold:   152        SH:  0    Dex: 12    Spells: 4/4 levels left

rFire    . . .     SeeInvis +   q - +0 flail
rCold    . . .     Gourm    .   (no shield)
rNeg     + . .     Faith    .   t - +0 chain mail
rPois    ∞         Spirit   .   (no helmet)
rElec    +         Reflect  .   (no cloak)
rCorr    .         Harm     .   (no gloves)
MR       +....                  (no boots)
Stlth    ..........             (no amulet)
HPRegen  0.10/turn              g - ring of protection from magic
MPRegen  0.09/turn              o - ring of see invisible

@: heroism, corroded
A: negative energy resistance 1, electricity resistance, unbreathing,
petrification resistance, rot immunity, AC +4
a: Heroism, Renounce Religion


You were on level 3 of the Dungeon.
You worshipped Okawaru.
Okawaru was pleased with you.
You were not hungry.

You visited 1 branch of the dungeon, and saw 3 of its levels.

You collected 152 gold pieces.

Inventory:

Hand Weapons
 q - a +0 flail (weapon)
Armour
 t - a +0 chain mail (worn)
Jewellery
 g - a ring of protection from magic (left hand)
 o - a ring of see invisible (right hand)
Wands
 u - a wand of flame (13)
Scrolls
 e - 5 scrolls of identify {unknown}
 j - a scroll of enchant armour {unknown}
 l - 3 scrolls of teleportation {unknown}
 m - 2 scrolls of magic mapping {unknown}
 n - 6 scrolls of remove curse {unknown}
 s - a scroll of amnesia {unknown}
Potions
 a - a potion of degeneration {unknown}
 b - a potion of invisibility {unknown}
 d - 3 potions of curing
 f - 2 potions of agility {unknown}
 h - a potion of lignification {unknown}
 i - a potion of resistance {unknown}
 k - a potion of flight {unknown}
 p - a potion of cancellation {unknown}
 r - 2 potions of might {unknown}
Comestibles
 c - 3 rations


   Skills:
 - Level 3.2(8.2) Fighting
 * Level 6.0(11.0) Maces & Flails
 - Level 2.4(7.4) Dodging
 - Level 2.1(7.1) Stealth


You had 4 spell levels left.
You didn't know any spells.
Your spell library contained the following spells:

 Spells                   Type           Power        Failure   Level  Hunger
 Apportation              Tloc           #.....       99%         1    ##.....
 Summon Butterflies       Summ           #.......     99%         1    ##.....
 Lesser Beckoning         Tloc           #.........   100%        3    ####...
 Tukima's Dance           Hex            #.......     100%        3    ####...
 Alistair's Intoxication  Tmut/Pois      #.......     100%        5    ######.
 Invisibility             Hex            #.......     100%        6    #######


Dungeon Overview and Level Annotations

Branches:
Dungeon (3/15)

Altars:
Makhleb
Okawaru
Wu Jian
Yredelemnul

Annotations:
D:2 1 runed translucent door


Innate Abilities, Weirdness & Mutations

You are resistant to torment.
Your stone body is resilient. (AC +4)
You are immune to poison.
You resist negative energy. (rN+)
You are resistant to electric shocks. (rElec)
You can survive without breathing.
You are immune to petrification.
You are immune to rotting.


Message History

The jelly is moderately wounded.
You sock the jelly!
Your hands burn!
The jelly is severely wounded.
The jelly hits you but does no damage.
You sock the jelly! The acid corrodes you!
Your hands burn!
The jelly is almost dead.
The jelly jiggles.
The jelly hits you.
You are splashed with acid!
* * * LOW HITPOINT WARNING * * *
You are too injured to fight recklessly!
You are too injured to fight recklessly!
You feel better. The jelly hits you.
You are splashed with acid!
* * * LOW HITPOINT WARNING * * *
You hit the jelly but do no damage.
Your hands burn!
* * * LOW HITPOINT WARNING * * *
The jelly is almost dead.
The jelly hits you.
* * * LOW HITPOINT WARNING * * *
The acid corrodes you!
You are splashed with acid.
You die...

≈≈≈≈≈≈≈♣P# #.# # ≈≈≈≈PP♣P.#
#.# # ≈≈P♣PP♣≈.# ######.# #
≈≈≈≈≈≈≈♣P≈♣.# ###...##.# #
≈≈P≈≈≈≈≈♣♣.# #.P.≈....# #
≈≈≈≈≈≈≈♣≈..###≈≈P≈PP#.# #
≈≈≈P≈≈♣♣....#.≈PPP≈P≈### #
♣≈≈≈♣≈♣###..#JP≈≈♣≈P≈P≈### #
#♣P≈♣≈.......@'.PP≈≈≈♣P..≈####
#.♣≈≈##.#.#...#.PP≈.≈≈♣≈≈PPPP.
#.#.###.#.#..##....≈.PP♣≈≈≈PP.
#.#..........##.......P♣≈♣≈≈P.
#.#.###.###.###.....≈PPP♣♣♣≈≈P
#.#.# #.# #.# .....PPP♣ ♣≈≈P.
#.#.# #.# #.# ####≈.P≈ ♣≈PP.
#.#.# ### #.# #≈≈PP≈≈♣≈


≈PPPP# ####.#.#######.##P.≈≈≈≈≈≈≈≈P..≈## You could see a jelly.

Vanquished Creatures
  2 orc wizards
  2 adders (D:2)
  4 oozes (D:1)
  A worm (D:3)
  A dart slug (D:1)
  5 orcs
  2 ball pythons
  6 giant cockroaches
  11 goblins
  5 hobgoblins
  9 jackals
  A quokka (D:3)
  9 bats
  4 frilled lizards
  4 kobolds
  7 rats
73 creatures vanquished.

Vanquished Creatures (others)
  An orc (D:3)
1 creature vanquished.

Grand Total: 74 creatures vanquished

Notes
Turn   | Place    | Note
-------+----------+-------------------------------------------
     0 | D:1      | BoppinsLewinski the Gargoyle Monk began the quest for the
                  | Orb.
     0 | D:1      | Reached XP level 1. HP: 14/14 MP: 1/1
    40 | D:1      | Reached XP level 2. HP: 14/19 MP: 2/2
   173 | D:1      | Reached skill level 4 in Maces & Flails
   313 | D:1      | Reached XP level 3. HP: 23/23 MP: 3/3
  1152 | D:2      | Reached XP level 4. HP: 28/28 MP: 4/4
  1380 | D:2      | Reached skill level 5 in Maces & Flails
  1614 | D:2      | Reached XP level 5. HP: 22/32 MP: 5/5
  1659 | D:2      | Found a burning altar of Makhleb.
  1694 | D:2      | Found an iron altar of Okawaru.
  1704 | D:2      | Became a worshipper of Warmaster Okawaru
  1704 | D:2      | Reached * piety under Okawaru
  1704 | D:2      | Reached ** piety under Okawaru
  2000 | D:2      | Found a runed translucent door.
  2000 | D:2      | Noticed a human
  2006 | D:2      | Found a basalt altar of Yredelemnul.
  2051 | D:2      | Found an ornate altar of the Wu Jian Council.
  2891 | D:3      | Reached skill level 6 in Maces & Flails
  3019 | D:3      | Splashed by a jelly's acid

Skill      XL: |  1  2  3  4  5 |
---------------+----------------+-----
Maces & Flails | 4 5 6 |  6.0
Fighting       | |  3.2
Dodging        | |  2.4
Stealth        | |  2.1

Action                   |  1- 3 |  4- 6 || total
-------------------------+-------+-------++-------
Melee: Mace              |    95 |   100 ||   195
       Flail             |       |    30 ||    30
Invok: Heroism           |       |     1 ||     1
  Use: Potion            |       |     3 ||     3
 Stab: Sleeping          |     9 |       ||     9
  Eat: Chunk             |       |     4 ||     4
       Ration            |       |     1 ||     1
Armor: Robe              |    29 |    49 ||    78
       Chain mail        |       |    22 ||    22
       Ring mail         |       |     7 ||     7
Dodge: Dodged            |    66 |   102 ||   168
